 Dungeon Crawl Stone Soup version 0.31-a0-986-g5e6e4ef867 (webtiles) character file.

Game seed: 9135082280736446871

2003 croobank the Ruffian (level 9, 0/78 HPs)
             Began as a Pale Draconian Shapeshifter on Nov 21, 2023.
             Was a Believer of Trog.
             Slain by an orc warrior
             ... wielding a +0 halberd
              (10 damage)
             ... on level 6 of the Dungeon.
             The game lasted 00:11:18 (5410 turns).

croobank the Ruffian (Pale Draconian Shapeshifter)  Turns: 5410, Time: 00:11:19

Health: 0/78       AC:  7    Str: 20    XL:     9   Next: 2%
Magic:  9/9        EV: 19    Int: 10    God:    Trog [**....]
Gold:   190        SH:  0    Dex: 12    Spells: 8/8 levels left

rFire   . . .        z - +2 spear of Beogh's Pride {flame, Stlth+}
rCold   . . .        (no shield)
rNeg    . . .        (body armour unavailable)
rPois   .            (helmet currently unavailable)
rElec   .            (cloak currently unavailable)
rCorr   +            (gloves currently unavailable)
SInv    .            (boots currently unavailable)
Will    .....        (no amulet)
Stlth   ++           d - ring of resist corrosion
HPRegen 0.33/turn    x - +5 ring of evasion
MPRegen 0.11/turn

%: no passive effects
@: beast-form, on berserk cooldown, slowed, very slow
A: beast (slay +3), breathe steam, AC +7, unfitting armour, cold-blooded, steam
resistance
a: Breathe Steam, Begin Untransformation, Renounce Religion, Berserk, Trog's
Hand


You were on level 6 of the Dungeon.
You worshipped Trog.
Trog was pleased with you.
You were a hulking beast.
You visited 1 branch of the dungeon, and saw 6 of its levels.

You collected 226 gold pieces.
You spent 36 gold pieces at shops.

Inventory:

Hand Weapons
 i - a +0 dagger
 s - a +0 long sword
 y - a +1 whip of electrocution
 z - the +2 spear of Beogh's Pride (weapon) {flame, Stlth+}
   (You found it on level 4 of the Dungeon)

   Stlth+:    It makes you more stealthy.
 B - a +1 dagger of electrocution
 I - a +0 trident of flaming
Missiles
 m - 4 curare-tipped darts (quivered)
 u - 2 throwing nets
 K - 3 javelins
Jewellery
 d - a ring of resist corrosion (left hand)
 x - a +5 ring of evasion (right hand)
Talismans
 b - a beast talisman (active)
 c - a flux talisman
 n - a serpent talisman
Wands
 C - a wand of charming (10)
Scrolls
 e - 3 scrolls of identify {unknown}
 f - 4 scrolls of teleportation {unknown}
 h - a scroll of immolation {unknown}
 k - 2 scrolls of enchant weapon {unknown}
 o - 4 scrolls of revelation
 p - a scroll of noise {unknown}
 q - 3 scrolls of vulnerability {unknown}
 A - 3 scrolls of poison {unknown}
 F - a scroll of fear {unknown}
 G - 2 scrolls of amnesia {unknown}
 J - a scroll of silence {unknown}
Potions
 a - 2 potions of lignification
 g - 4 potions of degeneration {unknown}
 j - 4 potions of curing {unknown}
 l - 2 potions of magic {unknown}
 r - 4 potions of heal wounds {unknown}
 t - a potion of invisibility {unknown}
 v - 3 potions of brilliance {unknown}
 w - 2 potions of attraction {unknown}
 D - a potion of haste {unknown}
 E - a potion of experience {unknown}
 H - a potion of ambrosia {unknown}


   Skills:
 + Level 6.4 Fighting
 + Level 5.6 Dodging
 + Level 6.6 Unarmed Combat
 + Level 6.1 Shapeshifting


You had 8 spell levels left.
You didn't know any spells.
Your spell library was empty.

Dungeon Overview and Level Annotations

Branches:
Dungeon (6/15)             Temple (0/1) D:4

Altars:
Cheibriados
Dithmenos
Gozag
Hepliaklqana
Okawaru
Sif Muna
Trog
Yredelemnul

Shops:
D:2 *


Innate Abilities, Weirdness & Mutations

You are a hulking beast.
Your limbs bulge with bestial killing power. (Slay +3)
You can breathe blasts of scalding, opaque steam.
Your pale cyan-grey scales are hard. (AC +7)
You cannot fit into any form of body armour.
You are cold-blooded and may be slowed by cold attacks.
You are immune to the effects of steam.


Message History

Trog accepts your kill.
The orc warrior hits you from afar with a +0 halberd!
You have reached level 9!
Your experience leads to an increase in your attributes!
Increase (S)trength, (I)ntelligence, or (D)exterity?
You feel stronger. x2; Your scales feel tougher.
You hit the sleepcap. You burn the sleepcap. You tail-slap the sleepcap.
The sleepcap is heavily damaged.
The sleepcap completely misses you.
You puncture the sleepcap! You burn the sleepcap.
You destroy the sleepcap!
Trog accepts your kill.
The orc warrior hits you from afar with a +0 halberd!
* * * LOW HITPOINT WARNING * * *
The orc priest calls down the wrath of Beogh upon you.
Beogh smites you!
* * * LOW HITPOINT WARNING * * *
The orc warrior attacks as it pursues you!
The orc warrior barely misses you. The orc hits you but does no damage.
The orc priest looks braver for a moment.
You feel a strong urge to attack something.
You puncture the orc! You burn the orc.
You kill the orc!
Trog accepts your kill.
Your skin stops crawling.
You feel less strong-willed.
The orc priest calls down the wrath of Beogh upon you.
Pain shoots through your body!
* * * LOW HITPOINT WARNING * * *
You barely miss the orc. The orc barely misses you.
Found a stone staircase leading down.
The orc warrior attacks as it pursues you!
The orc warrior completely misses you.
You feel a strong urge to attack something.
You are no longer berserk.
You are exhausted.
You feel yourself slow down.
There is a stone staircase leading down here.
The orc warrior completely misses you.
The orc warrior hits you from afar with a +0 halberd!
You die...

*,,* *#.#* ##..#......#
*,<*****...#####..###.....##
*,,**,,,,........#####.....#
*,,,,,,***#......######....#*
* **,,****
#...#..#######...## ** **,,**
*#.....#######..... ,***,,,*
#..oo.l.######.... ,,*,,,,*
##.o##..)####..### ,,,,,,,*
#h.#####ooo#..#### ,,,*,,,**
#.#######lo....... ,,****,,**
*#.########..≈≈≈≈≈≈ ,,* **,,*
**..#######...≈).§§. ,**
**,*****..########...≈.≈§§≈
,* *,,,,,......#####...≈.≈§§.
**
**,,,,...........)...≈.≈._§
**
***,,,,....######o.......≈..§
,****,,,,,,,,,,*
#######...≈.≈≈≈§


You could see an orc warrior, an iguana and 2 orcs.

Vanquished Creatures
  Edmund (D:5)
  2 black bears
  An orc warrior (D:5)
  2 ogres (D:5)
  3 phantoms
  A kobold brigand (D:4)
  A bullfrog (D:5)
  4 scorpions
  2 gnoll sergeants
  A howler monkey (D:5)
  3 jellies
  3 hounds
  2 orc priests
  6 iguanas
  2 sleepcaps
  2 orc wizards (D:5)
  8 gnolls
  2 adders
  2 ufetubi (D:5)
  A worm (D:4)
  3 dart slugs
  13 orcs
  8 ball pythons
  10 endoplasms
  6 giant cockroaches
  4 goblins
  3 hobgoblins
  2 quokkas
  4 bats
  3 frilled lizards
  8 kobolds
  4 rats
117 creatures vanquished.

Notes
Turn   | Place    | Note
-------+----------+-------------------------------------------
     0 | D:1      | croobank the Draconian Shapeshifter began the quest for the
                  | Orb.
     0 | D:1      | Reached XP level 1. HP: 16/16 MP: 1/1
   266 | D:1      | Reached XP level 2. HP: 21/23 MP: 2/2
   687 | D:2      | Found Utid Yvi's General Store.
   724 | D:2      | Reached XP level 3. HP: 29/29 MP: 3/3
   749 | D:2      | Bought 3 curare-tipped darts for 36 gold pieces
   763 | D:2      | Found a faded altar of an unknown god.
   776 | D:2      | Prayed at the altar of an unknown god.
   776 | D:2      | Became a worshipper of Trog the Wrathful
   776 | D:2      | Reached * piety under Trog
  1357 | D:3      | Found a shadowy altar of Dithmenos.
  1782 | D:3      | Found a snail-covered altar of Cheibriados.
  2022 | D:4      | Noticed a scorpion
  2029 | D:4      | Killed a scorpion
  2030 | D:4      | Reached XP level 4. HP: 37/37 MP: 4/4
  2031 | D:4      | Noticed a phantom
  2087 | D:4      | Killed a phantom
  2088 | D:4      | Reached XP level 5. HP: 37/45 MP: 5/5
  2128 | D:4      | Found a staircase to the Ecumenical Temple.
  2296 | D:4      | Noticed a black bear
  2309 | D:4      | Killed a black bear
  2310 | D:4      | Reached XP level 6. HP: 30/51 MP: 6/6
  2704 | D:4      | Reached ** piety under Trog
  2735 | D:4      | Your scales start taking on a pale cyan-grey colour.
  2735 | D:4      | Reached XP level 7. HP: 29/59 MP: 7/7
  2735 | D:4      | Gained mutation: You are immune to the effects of steam.
                  | [Pale Draconian growth]
  2842 | D:4      | Identified the +2 spear of Beogh's Pride {flame, Stlth+}
  2909 | D:4      | Found a hazy altar of Hepliaklqana.
  3378 | D:5      | Identified the of Fon Rab
  3378 | D:5      | Entered Level 5 of the Dungeon
  3459 | D:5      | Found an iron altar of Okawaru.
  3466 | D:5      | Reached skill level 5 in Unarmed Combat
  3523 | D:5      | Found a runed translucent door.
  3821 | D:5      | Noticed Edmund
  3833 | D:5      | Killed Edmund
  3834 | D:5      | Reached skill level 5 in Fighting
  3834 | D:5      | Reached skill level 5 in Shapeshifting
  3995 | D:5      | Reached XP level 8. HP: 68/68 MP: 8/8
  4472 | D:5      | Reached skill level 5 in Dodging
  4669 | D:5      | Found a bloodstained altar of Trog.
  4789 | D:5      | Found a shimmering blue altar of Sif Muna.
  4873 | D:5      | Found the +0 toga "Victory" {*Victory Clar}
  4957 | D:6      | Found an opulent altar of Gozag.
  5371 | D:6      | Found a basalt altar of Yredelemnul.
  5398 | D:6      | Reached XP level 9. HP: 35/78 MP: 9/9
  5410 | D:6      | Slain by an orc warrior

Illustrated notes

Levels and vault maps discovered:
D:1:      lemuel_arrival_hallway, layout_basic, grunt_decor_cap
D:2:      layout_loops_ring, ebering_ecumenical_altar_webs, serial_shops, shop
D:3:      layout_basic, marbit_many_paths, mainiacjoe_overflow_cross_hatched
D:4:      minmay_clustersquares, layout_loops_ring,
          worldfamousw_hep_ancestral_shrine, minmay_temple_entry_crystal_x
D:5:      layout_basic, nzn_overflow_gifts_of_might_and_magic,
          nicolae_overflow_guarded_unrand_okawaru_victory, uniq_edmund
D:6:      layout_layer_cave, mainiacjoe_overflow_concentric_impassable,
          fedhas_altar_2, nicolae_gozag_cash_rules_everything_around_me

Skill      XL: |  1  2  3  4  5  6  7  8 |
---------------+-------------------------+-----
Dodging        | 2 3 4 5 |  5.6
Fighting       | 2 3 4 5 6 |  6.4
Unarmed Combat | 4 5 6 |  6.6
Shapeshifting  | 4 5 6 |  6.1

Action                     |  1- 3 |  4- 6 |  7- 9 || total
---------------------------+-------+-------+-------++-------
  Melee: Unarmed           |    91 |   103 |       ||   194
         Tailslap          |     6 |    11 |    19 ||    36
         Punch             |     1 |     2 |     3 ||     6
         Spear             |       |       |   157 ||   157
  Throw: Dart              |       |       |     2 ||     2
 Invoke: Berserk           |     1 |       |     5 ||     6
         Trog's Hand       |       |       |     2 ||     2
Ability: Breathe Steam     |       |       |     9 ||     9
    Use: Scroll            |       |       |     1 ||     1
   Stab: Sleeping          |       |       |     3 ||     3
 Armour: Skin              |    39 |    52 |    78 ||   169
  Dodge: Dodged            |    41 |    68 |   153 ||   262
   Form: Beast             |     1 |       |       ||     1

Table legend: (Time is in decaauts)
 A = Elapsed time spent in this place.
 B = Non-inter-level travel time spent in this place.
 C = Inter-level travel time spent in this place.
 D = Time resting spent in this place.
 E = Time spent auto-exploring this place.
 F = Levels seen in this place.
 G = Mean time per level.
                   A        B        C        D        E       F      G
               +--------+--------+--------+--------+--------+-----+--------+
         Total |   5458 |   5248 |    210 |    652 |   3661 |   6 |  909.7 |
       Dungeon |   5458 |   5248 |    210 |    652 |   3661 |   6 |  909.7 |
               +--------+--------+--------+--------+--------+-----+--------+

Top non-repeatable levels by time:
     D:5: 1597 daAuts
     D:4: 1345 daAuts
     D:3: 878 daAuts
     D:2: 623 daAuts
     D:1: 535 daAuts
     D:6: 477 daAuts
